 Dungeon Crawl Stone Soup version 0.16-a0-787-g31dbbe7 (webtiles) character file.

5341 Kashira the Frost Mage (level 10, -10/37 HPs)
             Began as a Felid Ice Elementalist on Sept 27, 2014.
             Was a High Priest of Kikubaaqudgha.
             Hit by a large rock thrown by a cyclops (33 damage)
             ... on Level 11 of the Dungeon.
             The game lasted 01:16:52 (24346 turns).

Kashira the Frost Mage (Felid Ice Elementalist)    Turns: 24346, Time: 01:16:52

HP -10/37        AC  7     Str  7      XL: 10   Next: 38%
MP  37/38        EV 23     Int 17      God: Kikubaaqudgha [*****.]
Gold 743         SH  0     Dex 15      Spells:  7 memorised,  2 levels left
Lives: 0, deaths: 3

rFire  . . .     SeeInvis +     (weapon unavailable)
rCold  . . .     Clarity  .     (armour unavailable)
rNeg   . . .     rCorr    .     (shield unavailable)
rPois  +         rRot     .     (helmet unavailable)
rElec  .         Spirit   .     (cloak unavailable)
SustAb .         Warding  .     (gloves unavailable)
rMut   .         Stasis   .     (boots unavailable)
Gourm  .                        (no amulet)
MR     ++...                    d - ring of poison resistance
                                x - cursed ring of magical power

@: quick, very resistant to hostile enchantments, fairly stealthy
A: paw claws, no armour, no weapons or thrown items, fangs 3, horns 1,
iridescent scales 1, molten scales 1, see invisible, carnivore 3, clumsy 1,
deformed body, speed 1, magic resistance 1, mutation resistance 1, shaggy fur 2,
slow metabolism 1, spit poison 1, jump 2
a: Jump Attack, Spit Poison, Receive Corpses, Torment, Renounce Religion


You were on level 11 of the Dungeon.
You worshipped Kikubaaqudgha.
Kikubaaqudgha was extremely pleased with you.
You were full.

You visited 2 branches of the dungeon, and saw 12 of its levels.
You also visited: Ossuary.

You collected 743 gold pieces.

Inventory:

Magical devices
 o - a wand of invisibility (2)
 v - a wand of fire (13)
 K - a wand of random effects (11)
 M - a wand of magic darts (6)
 Q - a wand of lightning (4)
 S - a wand of paralysis (14)
 V - a wand of digging (11)
 X - a wand of magic darts (7)
 Y - a wand of random effects (6)
Comestibles
 c - 9 meat rations
 g - 2 beef jerkies
 p - 2 slices of pizza
Scrolls
 n - 3 scrolls of teleportation
 s - 2 scrolls of remove curse
 A - a scroll of fog
Jewellery
 d - a ring of poison resistance (right paw)
 k - a +5 ring of strength
 r - a cursed ring of protection from cold
 x - a cursed ring of magical power (left paw)
 H - an uncursed ring of positive energy
 I - an uncursed ring of regeneration
Potions
 e - a potion of cure mutation
 f - 3 potions of haste
 i - 2 potions of might
 q - 2 potions of curing
 t - 2 potions of agility
 u - 2 potions of magic
 w - a potion of cancellation
 z - a potion of flight {unknown}
 E - a potion of brilliance {unknown}
 L - 2 potions of lignification
 O - 2 potions of restore abilities {unknown}
 U - a potion of resistance {unknown}
 W - a potion of mutation
 Z - a potion of confusion {unknown}
Books
 a - a book of Debilitation

   Spells                             Type                      Level
   Corona                             Hexes                        1
   Slow                               Hexes                        2
   Inner Flame                        Hexes/Fire                   3
   Enslavement                        Hexes                        4
   Cause Fear                         Hexes                        4
   Leda's Liquefaction                Hexes/Earth                  4
 b - a book of Frost

   Spells                             Type                      Level
   *Freeze                            Ice                          1
   *Throw Frost                       Conjuration/Ice              2
   *Ozocubu's Armour                  Charms/Ice                   3
   *Throw Icicle                      Conjuration/Ice              4
   Summon Ice Beast                   Ice/Summoning                4
   *Condensation Shield               Ice                          4
 j - a book of Power

   Spells                             Type                      Level
   Fulminant Prism                    Conjuration/Hexes            4
   Iskenderun's Mystic Blast          Conjuration                  4
   Venom Bolt                         Conjuration/Poison           5
   Bolt of Magma                      Conjuration/Fire/Earth       5
   Iron Shot                          Conjuration/Earth            6
   Orb of Destruction                 Conjuration                  7
 y - Kikubaaqudgha's Papyrus of Black Magic
   (Kikubaaqudgha gifted it to you on level 6 of the Dungeon)

   Spells                             Type                      Level
   Pain                               Necromancy                   1
   Corpse Rot                         Necromancy                   2
   Sublimation of Blood               Necromancy                   2
   Regeneration                       Charms/Necromancy            3
   *Control Undead                    Necromancy                   4
 F - a book of Enchantments

   Spells                             Type                      Level
   Tukima's Dance                     Hexes                        3
   Cause Fear                         Hexes                        4
   Silence                            Hexes/Air                    5
   Deflect Missiles                   Charms/Air                   6
   Haste                              Charms                       6
   Discord                            Hexes                        8
 P - Kikubaaqudgha's Volume of Black Rituals
   (Kikubaaqudgha gifted it to you on level 9 of the Dungeon)

   Spells                             Type                      Level
   *Agony                             Necromancy                   5
   Dispel Undead                      Necromancy                   5
   Twisted Resurrection               Necromancy                   5
   Simulacrum                         Ice/Necromancy               6
   Death Channel                      Necromancy                   6
Miscellaneous
 h - a plain deck of defence {the Alchemist}


   Skills:
 - Level 9.1 Dodging
 - Level 2.6 Stealth
 - Level 8.0 Spellcasting
 - Level 8.6 Conjurations
 + Level 9.6 Necromancy
 - Level 10.3 Ice Magic


You had 2 spell levels left.
You knew the following spells:

 Your Spells              Type           Power        Failure   Level  Hunger
a - Freeze                Ice            ####         1%          1    None
b - Throw Frost           Conj/Ice       #####.       1%          2    None
c - Ozocubu's Armour      Chrm/Ice       ###.....     4%          3    ##.....
d - Condensation Shield   Ice            #####.....   1%          4    ###....
e - Throw Icicle          Conj/Ice       #####...     2%          4    ###....
f - Agony                 Necr           #####...     8%          5    #####..
g - Control Undead        Necr           #####.....   1%          4    ###....


Dungeon Overview and Level Annotations

Branches:
Dungeon (11/15)            Temple (1/1) D:4             Orc (0/4) D:11
   Lair (0/8) D:10

Altars:
Ashenzari
Cheibriados
Dithmenos
Elyvilon
Fedhas
Gozag
Kikubaaqudgha
Makhleb
Nemelex Xobeh
Okawaru
Qazlal
Ru
Sif Muna
Trog
Vehumet
Xom
Yredelemnul
Zin
The Shining One
Beogh

Shops:
D:8 [


Innate Abilities, Weirdness & Mutations

You cannot wear armour.
You are incapable of wielding weapons or throwing items.
Your paws have sharp claws.
You have razor-sharp teeth.
You have supernaturally acute eyesight.
You are carnivorous and can eat meat at any time.
You cover ground quickly.
You are covered in thick fur (AC +2).
You have a slow metabolism.
You can jump attack at a medium distance.
You have a pair of small horns on your head.
You are partially covered in iridescent scales (AC +4).
You are partially covered in molten scales (AC +1).
You are clumsy. (Dex -2)
Your body is misshapen.
You are resistant to hostile enchantments.
You are somewhat resistant to further mutation.
You can spit poison.


Message History

Okay, then.
Read which item? (? for menu, Esc to quit)
As you read the scroll of teleportation, it crumbles to dust.
You feel strangely unstable.
Evoke which item? (* to show all) (? for menu, Esc to quit)
Okay, then.
Drink which item? (? for menu, Esc to quit)
You feel better.
Casting: Freeze
Confirm with . or Enter, or press ? or * to list all spells.
Aiming: Freeze
Press: ? - help, Shift-Dir - straight line, f/p - red ugly thing
Aim: a red ugly thing (moderately wounded)
You freeze the red ugly thing.
The red ugly thing is moderately wounded.
Your surroundings suddenly seem different.
The cyclops throws a large rock.
The large rock hits you!!
Ouch! That really hurt!
You die...
Kikubaaqudgha rasps: "You have failed me!
Welcome... death!"

#.#.....#...........)......
#######.#.....#...C..........####
#.....C.#.....#...........######8
#.......'.....#..........###...##
#.......#.....#.......#####.._..#
###..C..#######......###.###...##
#..................##...###'##.
#...............#####...###....
#.............@######...'#..###
##..............##...##.##..###.
#..).#####.....##.....###..##...
#....# #..<..##.._...'....+...
#....# #.....##.....###..##...
#....# #......##...##.##..###.
##...# #......######...'#..###
#...# #.......#####...###....
#...# #..........##...###'##8


You could see a cyclops.

Vanquished Creatures
  Erolcha (D:9)
  A flayed ghost (D:11)
  Pikel (D:5)
  A hill giant (D:10)
  2 ugly things (D:11)
  An elephant (D:10)
  Joseph (D:8)
  Psyche (D:11)
  A kobold demonologist (D:10)
  2 trolls (D:11)
  2 polar bears (D:8)
  Prince Ribbit (D:7)
  2 two-headed ogres
  6 slime creatures
  A trapdoor spider (D:10)
  2 shadows (D:11)
  A wyvern (D:9)
  3 wraiths (D:11)
  2 hungry ghosts (D:11)
  Eustachio (D:9)
  A hill giant zombie (D:8)
  9 yaks
  3 wolves
  3 hippogriffs
  A steam dragon (D:9)
  2 water moccasins
  10 orc warriors
  4 black bears
  A slave (D:5)
  6 ice beasts
  A sky beast (D:7)
  7 ogres
  4 crocodiles
  2 centaurs
  7 giant frogs
  A brain worm (D:11)
  A big kobold (D:10)
  An eye of draining (D:10)
  4 scorpions
  A hippogriff zombie (D:8)
  A troll zombie (D:10)
  15 killer bees
  4 wights
  8 crimson imps
  9 hounds
  A giant frog zombie (D:6)
  3 goliath beetles (D:10)
  A quasit (D:10)
  5 orc priests
  3 jellies
  A centaur zombie (D:9)
  3 iguanas
  An elf skeleton (D:7)
  A gnoll shaman (D:6)
  6 orc wizards
  A giant frog skeleton (D:10)
  9 worker ants
  A mottled dragon zombie (D:11)
  4 sheep (D:11)
  An ogre zombie (D:7)
  A sky beast zombie (D:6)
  An ogre skeleton (D:5)
  A two-headed ogre simulacrum (D:8)
  4 mummies
  11 adders
  8 gnolls
  2 shadow imps
  A giant mite (D:7)
  An inept item mimic (D:5)
  3 worms
  An ufetubus (D:8)
  An orc simulacrum (D:8)
  An adder simulacrum (D:8)
  6 giant geckos
  71 orcs
  A bat zombie (D:5)
  2 gnoll zombies (Ossuary)
  13 goblins
  15 hobgoblins
  8 jackals
  26 kobolds
  4 quokkas
  19 bats
  7 giant cockroaches
  3 giant newts (D:2)
  A giant spore (D:8)
  A gnoll skeleton (Ossuary)
  3 goblin zombies
  A hobgoblin simulacrum (D:8)
  3 kobold zombies
  2 orc zombies
  A quokka skeleton (D:6)
  16 rats
  4 rat skeletons
  3 rat zombies
426 creatures vanquished.

Vanquished Creatures (others)
  Menkaure (Ossuary)
  A centaur (D:8)
  A shadow imp (D:5)
  An orc (D:11)
  2 gnoll zombies (Ossuary)
  A giant spore (D:11)
  A gnoll skeleton (Ossuary)
  5 goblin skeletons (Ossuary)
  3 goblin zombies (Ossuary)
  5 hobgoblin skeletons (Ossuary)
  5 hobgoblin zombies
  4 kobold skeletons (Ossuary)
  2 kobold zombies (Ossuary)
  4 orc skeletons (Ossuary)
  3 orc zombies (Ossuary)
  3 rat skeletons (Ossuary)
  4 rat zombies (Ossuary)
46 creatures vanquished.

Grand Total: 472 creatures vanquished

Notes
Turn   | Place    | Note
--------------------------------------------------------------
     0 | D:1      | Kashira, the Felid Ice Elementalist, began the quest for the Orb.
     0 | D:1      | Reached XP level 1. HP: 7/7 MP: 4/4
   227 | D:1      | Reached skill level 3 in Ice Magic
   527 | D:1      | Reached XP level 2. HP: 6/11 MP: 3/5
   531 | D:1      | Learned a level 2 spell: Throw Frost
  2180 | D:2      | Reached XP level 3. HP: 14/14 MP: 0/8
  2263 | D:2      | Learned a level 3 spell: Ozocubu's Armour
  2383 | D:2      | Reached skill level 1 in Conjurations
  2448 | D:2      | Found a white marble altar of Elyvilon.
  2452 | D:2      | Found a shimmering altar of Xom.
  2776 | D:3      | Noticed a necrophage
  3442 | D:3      | Reached XP level 4. HP: 18/18 MP: 0/12
  4108 | D:4      | Found a staircase to the Ecumenical Temple.
  4115 | Temple   | Entered the Ecumenical Temple
  4292 | Temple   | Became a worshipper of Kikubaaqudgha
  4346 | D:4      | Reached XP level 5. HP: 11/21 MP: 4/15
  4717 | D:4      | Learned a level 4 spell: Condensation Shield
  4772 | D:4      | Reached skill level 4 in Spellcasting
  4920 | D:4      | Noticed an ogre
  4958 | D:4      | Killed an ogre
  4958 | D:4      | Reached skill level 5 in Spellcasting
  4958 | D:4      | Gained mutation: You are covered in thick fur (AC +2). [growing up]
  4958 | D:4      | Gained mutation: You can jump attack at a medium distance. [growing up]
  4958 | D:4      | Reached XP level 6. HP: 24/24 MP: 0/20
  5081 | D:4      | Learned a level 4 spell: Throw Icicle
  5548 | D:5      | Entered Level 5 of the Dungeon
  5558 | D:5      | Found a sand-covered staircase.
  5846 | Ossuary  | Entered an ossuary
  6069 | Ossuary  | Killed Menkaure
  7143 | D:5      | Gained mutation: You are partially covered in molten scales (AC +1). [potion of mutation]
  7143 | D:5      | Gained mutation: You evolve. [potion of mutation]
  7143 | D:5      | Gained mutation: You are partially covered in iridescent scales (AC +4). [potion of mutation]
  7144 | D:5      | Lost mutation: You evolve. [potion of mutation]
  7144 | D:5      | Gained mutation: You are clumsy. (Dex -2) [potion of mutation]
  7598 | D:5      | Gained mutation: Your body is misshapen. [potion of mutation]
  7598 | D:5      | Gained mutation: You are resistant to hostile enchantments. [potion of mutation]
  7606 | D:5      | Reached skill level 5 in Ice Magic
  7640 | D:5      | Found a blossoming altar of Fedhas.
  7656 | D:5      | Gained mutation: You have a pair of small horns on your head. [potion of mutation]
  7656 | D:5      | Gained mutation: You can spit poison. [potion of mutation]
  7656 | D:5      | Gained mutation: You are somewhat resistant to further mutation. [potion of mutation]
  7682 | D:5      | Noticed Pikel
  7828 | D:5      | Reached XP level 7. HP: 27/27 MP: 21/21
  8033 | D:5      | Killed Pikel
  8033 | D:5      | Reached skill level 7 in Ice Magic
  8033 | D:5      | Reached XP level 8. HP: 17/31 MP: 1/22
  8928 | D:6      | Found a stormy altar of Qazlal.
  9052 | D:6      | Reached skill level 8 in Ice Magic
  9365 | D:6      | Acquired Kikubaaqudgha's first power
  9365 | D:6      | Received a gift from Kikubaaqudgha
  9370 | D:6      | Identified Kikubaaqudgha's Papyrus of Black Magic (Kikubaaqudgha gifted it to you on level 6 of the Dungeon)
  9843 | D:6      | Reached skill level 9 in Ice Magic
  9997 | D:6      | Found a shattered altar of Ashenzari.
 10051 | D:6      | Found an opulent altar of Gozag.
 10806 | D:7      | Reached XP level 9. HP: 34/34 MP: 23/24
 10818 | D:7      | HP: 1/34 [hippogriff (6)]
 11337 | D:7      | Reached skill level 10 in Ice Magic
 11692 | D:7      | Found a deep blue altar of Sif Muna.
 11856 | D:7      | Noticed Prince Ribbit
 11870 | D:7      | Killed Prince Ribbit
 11908 | D:7      | Reached skill level 5 in Dodging
 12185 | D:8      | Acquired Kikubaaqudgha's second power
 12196 | D:8      | Noticed Joseph
 13199 | D:8      | Found Uxkeol's Armour Emporium.
 13440 | D:8      | Reached XP level 10. HP: 37/37 MP: 12/25
 13920 | D:8      | Reached skill level 5 in Conjurations
 14289 | D:8      | Killed Joseph
 14873 | D:8      | Noticed a death yak
 15924 | D:9      | Noticed Erolcha
 15931 | D:9      | Noticed Eustachio
 15936 | D:9      | Killed Erolcha
 16220 | D:9      | Received a gift from Kikubaaqudgha
 16221 | D:9      | Identified Kikubaaqudgha's Volume of Black Rituals (Kikubaaqudgha gifted it to you on level 9 of the Dungeon)
 16228 | D:9      | Learned a level 5 spell: Agony
 16300 | D:9      | Reached skill level 1 in Necromancy
 16315 | D:9      | Demolished by a wyvern
 16316 | D:9      | Reached XP level 9. HP: -14/34 MP: 3/33
 16701 | D:9      | Reached XP level 10. HP: 31/37 MP: 23/25
 16778 | D:9      | Killed Eustachio
 17815 | D:10     | Entered Level 10 of the Dungeon
 17815 | D:10     | Found a glowing golden altar of the Shining One.
 18248 | D:10     | Noticed a hill giant
 18289 | D:9      | Acquired Kikubaaqudgha's third power
 18707 | D:10     | Killed a hill giant
 18833 | D:10     | Learned a level 4 spell: Control Undead
 19370 | D:10     | Noticed an elephant
 19725 | D:10     | Reached XP level 11. HP: 40/40 MP: 25/29
 20113 | D:10     | Killed an elephant
 20113 | D:10     | Reached skill level 5 in Necromancy
 20346 | D:10     | Found a staircase to the Lair.
 21427 | D:11     | Acquired Kikubaaqudgha's fourth power
 22006 | D:11     | HP: 2/40 [white ugly thing (9)]
 22006 | D:11     | Demolished by a white ugly thing
 22007 | D:11     | Reached XP level 10. HP: -14/37 MP: 15/38
 22007 | D:11     | Noticed Psyche
 22012 | D:11     | Killed Psyche
 22375 | D:11     | Found a roughly hewn altar of Beogh.
 22377 | D:11     | Found a staircase to the Orcish Mines.
 22713 | D:11     | Hit by a large rock thrown by a cyclops
 22714 | D:11     | Reached XP level 9. HP: -5/34 MP: 32/36
 22714 | D:11     | Found a basalt altar of Yredelemnul.
 22733 | D:11     | Found a glowing golden altar of the Shining One.
 22768 | D:11     | Found a glowing golden altar of the Shining One.
 22875 | D:11     | Found a shattered altar of Ashenzari.
 22883 | D:11     | Found a white marble altar of Elyvilon.
 22890 | D:11     | Found a radiant altar of Vehumet.
 23301 | D:11     | Reached XP level 10. HP: 37/37 MP: 8/29
 23540 | D:11     | Noticed a flayed ghost
 23548 | D:11     | Killed a flayed ghost
 24346 | D:11     | Hit by a large rock thrown by a cyclops

Action                   |  1- 3 |  4- 6 |  7- 9 | 10-12 || total
-------------------------+-------+-------+-------+-------++-------
Melee: Unarmed           |    22 |    58 |    79 |    32 ||   191
 Cast: Freeze            |    55 |    55 |   119 |   217 ||   446
       Throw Frost       |    43 |    59 |   183 |   162 ||   447
       Throw Icicle      |       |    21 |   114 |   292 ||   427
       Ozocubu's Armour  |       |     7 |     7 |    12 ||    26
       Condensation Shie |       |     2 |     6 |    12 ||    20
 Abil: Jump Attack       |     7 |       |     1 |     3 ||    11
Evoke: Wand              |       |     1 |     1 |     8 ||    10
  Use: Scroll            |       |     8 |     4 |    17 ||    29
       Potion            |       |     4 |     1 |     3 ||     8
 Stab: Sleeping          |       |     1 |       |       ||     1
  Eat: Chunk             |    16 |    16 |    37 |    67 ||   136
       Pizza             |       |     1 |       |     1 ||     2
